 Dungeon Crawl Stone Soup version 0.31-a0-845-g9abc20d24f (webtiles) character file.

Game seed: 699895310425102969

4562 Wizardman02 the Spear-Bearer (level 10, -6/82 HPs)
             Began as a Merfolk Berserker on Oct 1, 2023.
             Was an Elder of Trog.
             Mangled by a five-headed hydra (7 damage)
             ... on level 7 of the Dungeon.
             The game lasted 00:29:51 (6545 turns).

Wizardman02 the Spear-Bearer (Merfolk Berserker)    Turns: 6545, Time: 00:29:52

Health: -6/82      AC: 10    Str: 19    XL:     10   Next: 40%
Magic:  19/19      EV: 14    Int:  9    God:    Trog [****..]
Gold:   454        SH:  6    Dex: 23    Spells: 9/9 levels left

rFire   + . .        o - +3 trident (drain)
rCold   . . .        p - +0 buckler
rNeg    + . .        f - +0 scale mail
rPois   +            (no helmet)
rElec   .            D - +2 ratskin cloak {*Rats rPois rN+ Str-1 Int-1 Dex+1}
rCorr   .            y - +0 pair of gloves
SInv    .            (no boots)
Will    .....        n - amulet of regeneration
Stlth   +            d - ring of flight
HPRegen 1.13/turn    w - ring "Haisk" {rF+ MP+9 Str+2 Int+4 Dex+4}
MPRegen 0.16/turn

%: no passive effects
@: on berserk cooldown, flying, slowed, very slow
A: (nimble swimmer 2), mertail
a: Renounce Religion, Berserk, Trog's Hand, Brothers in Arms


You were on level 7 of the Dungeon.
You worshipped Trog.
Trog was greatly pleased with you.
You visited 2 branches of the dungeon, and saw 10 of its levels.
You also visited: Sewer.

You collected 514 gold pieces.
You spent 60 gold pieces at shops.

Inventory:

Hand Weapons
 l - a +0 trident
 o - a +3 trident of draining (weapon)
Missiles
 r - 30 poisoned darts
Armour
 f - a +0 scale mail (worn)
 p - a +0 buckler (worn)
 y - a +0 pair of gloves (worn)
 D - the +2 ratskin cloak (worn) {*Rats rPois rN+ Str-1 Int-1 Dex+1}
   (You found it on level 6 of the Dungeon)

   *Rats:     When the wearer is hurt, rats may emerge from it to assist them.
   Str-1:     It affects your strength (-1).
   Int-1:     It affects your intelligence (-1).
   Dex+1:     It affects your dexterity (+1).
   rPois:     It protects you from poison rN+: It protects you from negative
   energy.
Jewellery
 d - a ring of flight (left hand)
 n - an amulet of regeneration (around neck)
 w - the ring "Haisk" (right hand) {rF+ MP+9 Str+2 Int+4 Dex+4}
   (You found it on level 4 of the Dungeon)

   [ring of protection from fire]

   Str+2:     It affects your strength (+2).
   Int+4:     It affects your intelligence (+4).
   Dex+4:     It affects your dexterity (+4).
   rF+:       It protects you from fire.
   MP+9:      It affects your magic capacity (+9).
Wands
 e - a wand of light (7)
 u - a wand of paralysis (5)
Scrolls
 a - a scroll of torment {unknown}
 b - 2 scrolls of poison {unknown}
 g - 3 scrolls of blinking
 i - a scroll of silence {unknown}
 k - a scroll of revelation
 m - a scroll of teleportation {unknown}
 z - a scroll of immolation {unknown}
 A - 2 scrolls of fear {unknown}
Potions
 c - a potion of brilliance
 h - 4 potions of curing
 j - 2 potions of mutation
 q - a potion of ambrosia
 s - 3 potions of haste {unknown}
 t - a potion of berserk rage
 v - 2 potions of lignification {unknown}
 B - 3 potions of enlightenment
 C - a potion of attraction


   Skills:
 + Level 8.6 Fighting
 - Level 9.1 Long Blades
 + Level 10.7 Polearms
 - Level 1.3 Armour
 + Level 7.0 Dodging
 + Level 2.8 Stealth
 + Level 4.4 Shields
 + Level 0.2 Evocations


You had 9 spell levels left.
You didn't know any spells.
Your spell library was empty.

Dungeon Overview and Level Annotations

Branches:
Dungeon (9/15)             Temple (1/1) D:4           Sewer (visited)
   Lair: D:8-11         Orc: D:9-12

Altars:
Ashenzari
Cheibriados
Dithmenos
Elyvilon
Fedhas
Gozag
Hepliaklqana
Kikubaaqudgha
Makhleb
Nemelex Xobeh
Okawaru
Qazlal
Ru
Sif Muna
Uskayaw
Vehumet
Xom
Yredelemnul
Zin
The Shining One

Shops:
D:1 *   D:4 ([   D:8 =!

Annotations:
Temple 2 transporters


Innate Abilities, Weirdness & Mutations

((You are very nimble when in or above water. (Stealth+, EV+, Speed+++)))
Your lower body shifts to a powerful aquatic tail in water.


Message History

Items here: ) †††.
x - a +0 giant club You drop a +0 giant club.
You swap places.
There is an open door here.
Your river rat returns to the shadows of the Dungeon!
You see here a hound corpse.
Things that are here:
a +0 flail; a +0 ring mail
There is an open door here.
A five-headed hydra comes into view.
The five-headed hydra roars!
The wraith misses you. The five-headed hydra bites you!
A river rat scurries out from under your cloak.
The five-headed hydra bites you but does no damage.
The five-headed hydra bites you! x2
You block the five-headed hydra's attack.
You hit the five-headed hydra but do no damage.
You drain the five-headed hydra.
The five-headed hydra is lightly wounded.
The five-headed hydra barely misses you.
The five-headed hydra bites you.
You block the five-headed hydra's attack. x2
The five-headed hydra bites you! The wraith misses you.
You're still recovering from your berserk rage.
Okay, then.
Your two-headed ogre goes berserk!
Trog will no longer gift you weapons.
The five-headed hydra closely misses you.
The five-headed hydra bites you. The five-headed hydra bites you!
* * * LOW HITPOINT WARNING * * *
The five-headed hydra bites you!
* * * LOW HITPOINT WARNING * * *
The five-headed hydra closely misses you.
The wraith barely misses you.
Your river rat bites the wraith.
The five-headed hydra bites you!
* * * LOW HITPOINT WARNING * * *
A hell rat scurries out from under your cloak.
The five-headed hydra bites you!
You die...

...y.(.#....#.#...#
.......#....#.#.###
.5!...h#....#.#.#
.......#....#...#
.....e.#....#.###
WF.....#....#.#
#...O#.# ####D#.#
#8.W@#.# #..rr#.#
#....#.# #....#.#
######....#.#
#....'†...#.#
#....#....#.#
#....#....#.##
#†)..#...8#..#


You could see a five-headed hydra (drained, ally target), a wraith (ally
target), a friendly two-headed ogre (summoned, berserk), a friendly hell rat and
a friendly river rat.

Vanquished Creatures
  A deep elf pyromancer (D:7)
  An unseen horror (D:5)
  Jeremiah (D:6)
  A shadow (D:7)
  A vampire (D:8)
  6 yaks (D:8)
  A steam dragon (D:6)
  A sky beast (D:7)
  A black bear (D:5)
  4 ogres
  2 kobold brigands (D:6)
  A bullfrog (D:7)
  A gnoll sergeant (D:7)
  3 wights (D:8)
  A killer bee (D:7)
  4 orc priests
  2 jellies
  A gnoll bouda (D:6)
  3 hounds
  6 iguanas
  Natasha (thrice) (D:3)
  2 orc wizards (D:5)
  6 gnolls
  8 river rats (Sewer)
  17 adders
  A shadow imp (D:6)
  A white imp (D:7)
  2 worms
  2 dart slugs (D:2)
  21 orcs
  9 ball pythons
  7 bats
  8 endoplasms
  14 giant cockroaches
  3 goblins
  3 hobgoblins
  3 jackals
  20 kobolds
  A quokka (Sewer)
  6 frilled lizards
  8 rats
  A spectral hobgoblin (D:3)
188 creatures vanquished.

Vanquished Creatures (collateral kills)
  An ice beast (D:8)
  An ogre (D:7)
  A scorpion (D:7)
  2 wights (D:8)
  A white imp (D:5)
6 creatures vanquished.

Grand Total: 194 creatures vanquished

Notes
Turn   | Place    | Note
-------+----------+-------------------------------------------
     0 | D:1      | Wizardman02 the Merfolk Berserker began the quest for the
                  | Orb.
     0 | D:1      | Reached XP level 1. HP: 18/18 MP: 1/1
   378 | D:1      | Reached XP level 2. HP: 24/24 MP: 2/2
   558 | D:1      | Found Quskuf's General Store.
   591 | D:1      | Bought a potion of heal wounds for 60 gold pieces
   993 | D:2      | Reached XP level 3. HP: 27/30 MP: 3/3
  1155 | D:4      | Found Isuy's Antique Armour Emporium.
  1186 | D:4      | Reached skill level 1 in Stealth
  1196 | D:5      | Entered Level 5 of the Dungeon
  1268 | D:4      | Reached XP level 4. HP: 37/37 MP: 4/4
  1318 | D:4      | Found Saem Uma's Antique Weapon Shoppe.
  1343 | D:4      | Identified the ring "Haisk" {rF+ MP+9 Str+2 Int+4 Dex+4}
  1389 | D:4      | Reached ** piety under Trog
  1421 | D:4      | Found a glowing drain.
  1431 | Sewer    | Entered a sewer
  1438 | Sewer    | Reached skill level 5 in Long Blades
  1535 | Sewer    | Reached XP level 5. HP: 42/42 MP: 5/5
  1854 | Sewer    | Reached XP level 6. HP: 22/49 MP: 6/6
  2000 | Sewer    | Reached *** piety under Trog
  2005 | Sewer    | Reached skill level 5 in Fighting
  2539 | D:4      | Reached skill level 1 in Shields
  2690 | D:3      | Noticed Natasha
  2697 | D:3      | Killed Natasha
  2707 | D:3      | Found a white marble altar of Elyvilon.
  2713 | D:3      | Noticed Natasha
  2723 | D:3      | Killed Natasha
  3476 | D:3      | Found a hazy altar of Hepliaklqana.
  3591 | D:3      | Noticed Natasha
  3595 | D:3      | Killed Natasha
  3697 | D:4      | Reached XP level 7. HP: 54/56 MP: 7/7
  3750 | D:4      | Found a staircase to the Ecumenical Temple.
  3777 | Temple   | Found a transporter.
  3777 | Temple   | Found a transporter.
  3777 | Temple   | Found a transporter.
  3777 | Temple   | Found a transporter.
  3777 | Temple   | Entered the Ecumenical Temple
  3945 | D:4      | Found a snail-covered altar of Cheibriados.
  3955 | D:4      | Found a broken altar of Ashenzari.
  3958 | D:4      | Found a hide-covered altar of Uskayaw.
  3972 | D:4      | Found an ancient bone altar of Kikubaaqudgha.
  4355 | D:6      | Reached **** piety under Trog
  4384 | D:6      | Found a radiant altar of Vehumet.
  4384 | D:6      | Noticed Jeremiah
  4445 | D:6      | Killed Jeremiah
  4446 | D:6      | Reached XP level 8. HP: 50/64 MP: 8/8
  4537 | D:6      | Reached skill level 1 in Polearms
  4674 | D:6      | Reached skill level 2 in Polearms
  4674 | D:6      | Reached skill level 5 in Dodging
  4793 | D:6      | Reached skill level 3 in Polearms
  5026 | D:6      | Found the +2 ratskin cloak {*Rats rPois rN+ Str-1 Int-1
                  | Dex+1}
  5141 | D:6      | Reached skill level 4 in Polearms
  5373 | D:5      | Reached XP level 9. HP: 26/71 MP: 9/9
  5446 | D:5      | Reached skill level 5 in Polearms
  5557 | D:5      | Killed an unseen horror
  5558 | D:5      | Reached skill level 6 in Polearms
  6052 | D:8      | Found Ohickiob's Jewellery Shoppe.
  6096 | D:8      | Reached skill level 7 in Polearms
  6145 | D:8      | Found Pilo's Distillery.
  6159 | D:9      | Noticed a troll
  6274 | D:8      | Reached skill level 8 in Polearms
  6361 | D:8      | Reached skill level 9 in Polearms
  6367 | D:8      | Reached XP level 10. HP: 63/80 MP: 10/10
  6459 | D:7      | Reached skill level 10 in Polearms
  6473 | D:7      | Noticed a deep elf pyromancer
  6515 | D:7      | Killed a deep elf pyromancer
  6522 | D:7      | Reached ***** piety under Trog
  6540 | D:7      | Noticed a five-headed hydra
  6545 | D:7      | HP: 1/82 [five-headed hydra (10)]
  6545 | D:7      | Mangled by a five-headed hydra

Illustrated notes

Levels and vault maps discovered:
D:1:      spicycebolla_green_bress_n_ham_2, layout_loops_cross, serial_shops,
          shop_statue
D:2:      layout_loops_ring, minmay_tiny_reverse_x
D:3:      layout_loops_ring, mainiacjoe_overflow_catwalk,
          nicolae_hepliaklqana_monster_ancestors, uniq_natasha
D:4:      layout_basic, grunt_temple_overflow_open, general_overflow_altar,
          minmay_temple_entry_offerings, portal_sewer_entry_e,
          nicolae_stop_n_shop_2, nicolae_take_the_stairs,
          hangedman_decor_peaks_small, nicolae_elevator_lobby_asterisk
D:5:      layout_gridville, nrook_loot_triangle, grunt_ministairs_13
D:6:      layout_loops_ring, nicolae_vehumet_radiance, st_stairs_6,
          uniq_jeremiah
D:7:      minmay_klotski, layout_basic, overflow_temple_1_default
D:8:      layout_loops_cross, serial_shops, nicolae_stop_n_shop_2,
          nicolae_stop_n_shop_2
D:9:      layout_layer_cave, mainiacjoe_overflow_brackets,
          minmay_misc_feat_encased
Temple:   hellmonk_temple_divided_pantheon

Skill      XL: |  1  2  3  4  5  6  7  8  9 10 |
---------------+-------------------------------+-----
Long Blades    | 4 5 6 9 |  9.1
Dodging        | 3 4 5 6 7 |  7.0
Stealth        | 1 2 |  2.8
Fighting       | 4 5 6 8 |  8.6
Shields        | 1 2 4 |  4.4
Polearms       | 4 9 10 | 10.7
Armour         | |  1.3
Evocations     | |  0.2

Action                     |  1- 3 |  4- 6 |  7- 9 | 10-12 || total
---------------------------+-------+-------+-------+-------++-------
  Melee: Falchion          |   120 |   183 |       |       ||   303
         Long sword        |       |    71 |    79 |       ||   150
         Trident           |       |       |   234 |    39 ||   273
 Invoke: Berserk           |       |       |     3 |     1 ||     4
         Brothers in Arms  |       |       |       |     1 ||     1
  Evoke: Wand              |     4 |       |       |       ||     4
    Use: Potion            |     2 |       |     2 |       ||     4
         Scroll            |       |     8 |     5 |       ||    13
   Stab: Sleeping          |       |     1 |       |       ||     1
         Distracted        |       |       |     1 |       ||     1
 Armour: Animal skin       |    12 |       |       |       ||    12
         Scale mail        |    76 |   172 |   272 |    43 ||   563
  Dodge: Dodged            |    58 |   167 |   176 |    42 ||   443
  Block: Buckler           |    15 |    81 |    73 |    20 ||   189

Table legend: (Time is in decaauts)
 A = Elapsed time spent in this place.
 B = Non-inter-level travel time spent in this place.
 C = Inter-level travel time spent in this place.
 D = Time resting spent in this place.
 E = Time spent auto-exploring this place.
 F = Levels seen in this place.
 G = Mean time per level.
                   A        B        C        D        E       F      G
               +--------+--------+--------+--------+--------+-----+--------+
         Total |   6469 |   6469 |      0 |    480 |   3201 |  11 |  588.1 |
       Dungeon |   5853 |   5853 |      0 |    480 |   3093 |   9 |  650.3 |
        Temple |      1 |      1 |      0 |      0 |      0 |   1 |    1.0 |
         Sewer |    614 |    614 |      0 |      0 |    108 |   1 |  614.0 |
               +--------+--------+--------+--------+--------+-----+--------+

Top non-repeatable levels by time:
     D:4: 1168 daAuts
     D:6: 1106 daAuts
     D:1: 834 daAuts
     D:2: 746 daAuts
     D:5: 728 daAuts
     D:3: 693 daAuts
   Sewer: 614 daAuts
     D:8: 360 daAuts
     D:7: 214 daAuts
     D:9: 1 daAuts
  Temple: 1 daAuts
